[Event "France Jeunes Belfort 2017"]
[Site "Belfort"]
[Date "2017.04.16"]
[Round "2.2"]
[White "Travadon, Loic"]
[Black "Mostefa Kara, Camil"]
[Result "1-0"]
[ECO "D38"]
[WhiteElo "2348"]
[BlackElo "1922"]
[PlyCount "81"]
[EventDate "2017.??.??"]
[TimeControl "6000+935"]
[WhiteClock "0:20:41"]
[BlackClock "0:06:25"]

1. d4 Nf6 2. c4 e6 3. Nf3 d5 4. Nc3 Bb4 5. cxd5 exd5 6. Bg5 Be7 7. Qc2 O-O 8.
e3 h6 9. Bh4 c6 10. Bd3 Be6 11. O-O Nbd7 12. Rab1 c5 13. Qe2 a6 14. Bc2 b5 15.
dxc5 Nxc5 16. Rbd1 b4 17. Na4 Nxa4 18. Bxa4 Qa5 19. Bb3 Rac8 20. Nd4 Bd7 21.
Rc1 Rfe8 22. f3 Qb6 23. Rxc8 Rxc8 24. Qd3 Qb7 25. Re1 Rd8 26. Nf5 Bxf5 27. Qxf5
Qc6 28. Qd3 a5 29. Bg3 a4 30. Bc2 Bc5 31. Be5 g6 32. Bxa4 Qxa4 33. Bxf6 Rd7 34.
Rc1 Qa5 35. Bd4 Be7 36. Rc6 Rd6 37. Rc8+ Bd8 38. h3 Qxa2 39. Bc5 Rd7 40. Bb6
Qa1+ 41. Kh2 1-0

[Event "France Jeunes Belfort 2017"]
[Site "Belfort"]
[Date "2017.04.16"]
[Round "2.2"]
[White "Yuan, Beline"]
[Black "Diez, Ambre"]
[Result "1-0"]
[ECO "A57"]
[WhiteElo "1845"]
[BlackElo "1420"]
[PlyCount "73"]
[EventDate "2017.??.??"]
[TimeControl "6000+830"]
[WhiteClock "0:28:49"]
[BlackClock "0:21:26"]

1. d4 Nf6 2. c4 c5 3. d5 b5 4. e3 bxc4 5. Bxc4 d6 6. Nc3 g6 7. e4 Bg7 8. f4
Nfd7 9. Nf3 Qa5 10. Bd2 Qb4 11. Qe2 Qb6 12. O-O Ba6 13. Bxa6 Nxa6 14. e5 dxe5
15. fxe5 O-O 16. Rac1 Nc7 17. Na4 Qb5 18. Qxb5 Nxb5 19. e6 Nb6 20. Nxc5 Bxb2
21. Rb1 Bd4+ 22. Nxd4 Nxd4 23. Bh6 fxe6 24. Rxf8+ Rxf8 25. Bxf8 Kxf8 26. Nxe6+
Nxe6 27. dxe6 Kg7 28. Rf1 Nd5 29. Rf7+ Kg8 30. Kf2 h6 31. a3 g5 32. g3 a6 33.
Kf3 Nf6 34. Rxe7 g4+ 35. Ke2 h5 36. Ra7 Kf8 37. Rf7+ 1-0

[Event "France Jeunes Belfort 2017"]
[Site "Belfort"]
[Date "2017.04.16"]
[Round "2.3"]
[White "Bailly, Laura"]
[Black "Marcellier, Lucie"]
[Result "0-1"]
[ECO "C58"]
[WhiteElo "1200"]
[BlackElo "1557"]
[PlyCount "78"]
[EventDate "2017.??.??"]
[TimeControl "6000+670"]
[WhiteClock "0:32:18"]
[BlackClock "0:22:32"]

1. e4 e5 2. Nf3 Nc6 3. Bc4 Nf6 4. Ng5 d5 5. exd5 Na5 6. d3 h6 7. Nh3 Bd6 8. Nc3
a6 9. a3 b5 10. Ba2 O-O 11. Qf3 Bg4 12. Qg3 e4 13. Qe3 exd3 14. Qxd3 Re8+ 15.
Be3 Nb7 16. O-O Bxh3 17. gxh3 Qd7 18. Bd2 Nc5 19. Qf3 Re5 20. Kh1 Rh5 21. Kg2
g5 22. Rh1 Kg7 23. Ne2 g4 24. hxg4 Nxg4 25. h3 Nf6 26. Bc3 Rf5 27. Qe3 Re8 28.
Qd2 Nce4 29. Qd3 Rxf2+ 30. Kg1 Qf5 31. Bxf6+ Qxf6 32. Qd4 Rxe2 33. Qxf6+ Nxf6
34. Kf1 Rxc2 35. Rg1+ Kf8 36. Rb1 Ree2 37. Bb3 Rxb2 38. Rd1 Rf2+ 39. Ke1 Rbe2#
0-1

[Event "France Jeunes Belfort 2017"]
[Site "Belfort"]
[Date "2017.04.16"]
[Round "2.3"]
[White "Denninger, Guilhem"]
[Black "Laurent-Paoli, Pierre"]
[Result "0-1"]
[ECO "A21"]
[WhiteElo "1929"]
[BlackElo "2298"]
[PlyCount "68"]
[EventDate "2017.??.??"]
[TimeControl "6000+1350"]
[WhiteClock "0:00:58"]
[BlackClock "0:09:39"]

1. c4 e5 2. Nc3 d6 3. g3 f5 4. d3 Nf6 5. Bg2 Be7 6. e3 c6 7. Nge2 O-O 8. f4 Be6
9. O-O Na6 10. Rb1 Qe8 11. b4 Nc7 12. b5 Bd7 13. Ba3 Kh8 14. fxe5 dxe5 15. Bxe7
Qxe7 16. bxc6 Bxc6 17. Bxc6 bxc6 18. Rxf5 Ng4 19. Rxf8+ Rxf8 20. Ne4 Ne6 21.
N2c3 Nxe3 22. Qe2 Nf5 23. Nf2 Nfd4 24. Qe3 Qf7 25. Nce4 h6 26. h3 Qg6 27. Kh1
Nf5 28. Qf3 Nxg3+ 29. Qxg3 Qxg3 30. Nxg3 Rxf2 31. Re1 Rxa2 32. Rxe5 Nd4 33. Nh5
Nf3 34. Re8+ Kh7 0-1

[Event "France Jeunes Belfort 2017"]
[Site "Belfort"]
[Date "2017.04.16"]
[Round "2.3"]
[White "Ducos, Antoine"]
[Black "Papadiamandis, Elliot"]
[Result "1/2-1/2"]
[ECO "B90"]
[WhiteElo "1615"]
[BlackElo "1944"]
[PlyCount "165"]
[EventDate "2017.??.??"]
[TimeControl "6000+1325"]
[WhiteClock "0:27:51"]
[BlackClock "0:27:49"]

1. e4 c5 2. Nf3 d6 3. d4 cxd4 4. Nxd4 Nf6 5. Nc3 a6 6. Be3 e6 7. f3 b5 8. Qd2
Bb7 9. O-O-O Nbd7 10. g4 Nb6 11. Nb3 Nfd7 12. Na5 Rb8 13. Nxb7 Rxb7 14. Bf4 Nc5
15. Bxd6 Rd7 16. e5 Nb7 17. Ne4 Nc8 18. Qf4 Ncxd6 19. exd6 Bxd6 20. Nxd6+ Rxd6
21. Rxd6 Qxd6 22. Qxd6 Nxd6 23. Bd3 h6 24. Rd1 Ke7 25. a4 Rc8 26. axb5 axb5 27.
Kd2 Ra8 28. Kc3 Ra4 29. Kb3 Rf4 30. Be2 Nc4 31. Kc3 b4+ 32. Kb3 Ne5 33. Rf1 Kf6
34. h4 g6 35. c3 bxc3 36. Kxc3 h5 37. Rg1 Nxf3 38. g5+ Ke5 39. Bxf3 Rxf3+ 40.
Kd2 Rh3 41. Rf1 Rxh4 42. Rxf7 Rg4 43. b4 Rxb4 44. Rf6 Rg4 45. Rxg6 Kf5 46. Rf6+
Ke5 47. Rg6 Kf5 48. Rf6+ Kxg5 49. Rxe6 Kf5 50. Rh6 Kg5 51. Rh8 Re4 52. Kd3 Re1
53. Kd2 Re6 54. Rg8+ Kf4 55. Rh8 Kg4 56. Rg8+ Kh3 57. Rg5 h4 58. Rg8 Kh2 59.
Rg4 h3 60. Rg8 Kh1 61. Rg3 h2 62. Rg8 Re4 63. Rg3 Re6 64. Rg5 Ra6 65. Ke2 Ra1
66. Kf2 Rg1 67. Rh5 Rg7 68. Rh8 Rf7+ 69. Ke2 Kg2 70. Rg8+ Kh3 71. Rh8+ Kg3 72.
Rg8+ Kh3 73. Rh8+ Kg2 74. Rg8+ Kh1 75. Rg6 Ra7 76. Kf2 Ra1 77. Rg5 Rg1 78. Rh5
Rg8 79. Rf5 Rg4 80. Rf3 Rg2+ 81. Kf1 Ra2 82. Rf5 Ra1+ 83. Kf2 1/2-1/2

[Event "France Jeunes Belfort 2017"]
[Site "Belfort"]
[Date "2017.04.16"]
[Round "2.3"]
[White "Dudognon, Thibault"]
[Black "Dillenschneider, Ernesto"]
[Result "1/2-1/2"]
[ECO "A37"]
[WhiteElo "2218"]
[BlackElo "2037"]
[PlyCount "47"]
[EventDate "2017.??.??"]
[TimeControl "6000+1155"]
[WhiteClock "0:30:34"]
[BlackClock "0:31:04"]

1. c4 c5 2. g3 g6 3. Bg2 Bg7 4. Nc3 Nc6 5. Nf3 d6 6. a3 a5 7. O-O e5 8. d3 Nge7
9. Ne1 Be6 10. Nc2 d5 11. cxd5 Nxd5 12. Ne3 Nde7 13. Nc4 b6 14. f4 Rc8 15. Nb5
O-O 16. Ncd6 Rb8 17. Kh1 Nd4 18. Nxd4 exd4 19. Ne4 Nf5 20. Qe1 Bd5 21. Rb1 Ba2
22. Ra1 Bd5 23. Rb1 Ba2 24. Ra1 1/2-1/2

[Event "France Jeunes Belfort 2017"]
[Site "Belfort"]
[Date "2017.04.16"]
[Round "2.3"]
[White "Harutyunyan, Ruben"]
[Black "Saya, Ethan"]
[Result "1-0"]
[ECO "B01"]
[WhiteElo "2218"]
[BlackElo "1840"]
[PlyCount "39"]
[EventDate "2017.??.??"]
[TimeControl "6000+1490"]
[WhiteClock "0:48:31"]
[BlackClock "0:28:11"]

1. e4 d5 2. exd5 Qxd5 3. Nc3 Qa5 4. d4 Nf6 5. Bc4 Nc6 6. Nge2 Bf5 7. Bd2 Qb4 8.
b3 e5 9. Nb5 Qe7 10. d5 Nb4 11. d6 Nxc2+ 12. Qxc2 Qd7 13. Nxc7+ Kd8 14. Qb2 Rc8
15. Nb5 a6 16. Ba5+ Ke8 17. Qxe5+ Be6 18. Nc7+ Rxc7 19. Bxc7 Ng4 20. Bxe6 1-0

[Event "France Jeunes Belfort 2017"]
[Site "Belfort"]
[Date "2017.04.16"]
[Round "2.3"]
[White "Ider, Jargalan"]
[Black "Bellahcene, Meriem"]
[Result "0-1"]
[ECO "D30"]
[WhiteElo "1559"]
[BlackElo "1919"]
[PlyCount "156"]
[EventDate "2017.??.??"]
[TimeControl "6000+2215"]
[WhiteClock "0:10:03"]
[BlackClock "0:08:46"]

1. d4 d5 2. c4 e6 3. g3 c6 4. Bg2 Nf6 5. Nf3 Nbd7 6. Nc3 Be7 7. O-O O-O 8. Qc2
b6 9. cxd5 exd5 10. e4 dxe4 11. Nxe4 Bb7 12. Ne5 Nxe5 13. dxe5 Nd5 14. b3 Nb4
15. Qc3 Ba6 16. Re1 Qd3 17. Ba3 Qxc3 18. Nxc3 Rac8 19. Rad1 Rfe8 20. Bxb4 Bxb4
21. Re3 h6 22. Bf1 Bxf1 23. Kxf1 Rcd8 24. Rxd8 Rxd8 25. Ke2 Bc5 26. Rf3 Re8 27.
Rd3 Rxe5+ 28. Kf1 g5 29. Rd7 a5 30. Rc7 Re6 31. Na4 Bd4 32. Rd7 c5 33. Rb7 Rf6
34. h3 Rxf2+ 35. Ke1 Rxa2 36. Nxb6 Bf2+ 37. Kf1 Bxg3 38. Nc4 a4 39. bxa4 Rxa4
40. Nd2 Bf4 41. Nb3 c4 42. Nc5 Ra2 43. Ne4 Ra3 44. Nf6+ Kg7 45. Nh5+ Kg6 46.
Nxf4+ gxf4 47. Kg2 Rg3+ 48. Kh2 c3 49. Rc7 h5 50. h4 Rd3 51. Rc4 Kf5 52. Kg2
Kg4 53. Kf2 f5 54. Ke2 Rh3 55. Kf2 Rh2+ 56. Ke1 c2 57. Rc3 Rh1+ 58. Kd2 c1=Q+
59. Rxc1 Rxc1 60. Kxc1 Kxh4 61. Kd2 Kg3 62. Kd3 f3 63. Ke3 f4+ 64. Kd3 f2 65.
Kc3 f1=R 66. Kd3 h4 67. Kc3 h3 68. Kd3 h2 69. Kc3 h1=R 70. Kd3 Re1 71. Kd2 f3
72. Kc3 f2 73. Kd3 f1=R 74. Kc3 Rf4 75. Kd3 Ree4 76. Kc3 Rf3+ 77. Kd2 Ra4 78.
Kc2 Ra2# 0-1

[Event "France Jeunes Belfort 2017"]
[Site "Belfort"]
[Date "2017.04.16"]
[Round "2.3"]
[White "Martignoni, Margaux"]
[Black "Gospodaru, Teodora"]
[Result "0-1"]
[ECO "B24"]
[WhiteElo "1439"]
[BlackElo "1827"]
[PlyCount "104"]
[EventDate "2017.??.??"]
[TimeControl "6000+795"]
[WhiteClock "0:12:14"]
[BlackClock "0:21:31"]

1. e4 c5 2. Nc3 Nc6 3. Bc4 g6 4. f4 Bg7 5. Nf3 e6 6. d3 Nge7 7. O-O O-O 8. a3
d5 9. Ba2 Nd4 10. Kh1 b6 11. Nxd4 cxd4 12. Ne2 dxe4 13. dxe4 Bb7 14. Ng3 Qd7
15. Qg4 f5 16. exf5 Nxf5 17. Nxf5 Rxf5 18. Bd2 Bd5 19. Bxd5 Qxd5 20. Rf3 Raf8
21. Raf1 Qc4 22. Rc1 a5 23. h3 Qe2 24. Be1 e5 25. Bg3 e4 26. Rf2 Qxg4 27. hxg4
R5f7 28. Re2 e3 29. b4 Rc8 30. c3 Rxc3 31. Rxc3 dxc3 32. Rxe3 c2 33. Re1 Bb2
34. bxa5 bxa5 35. a4 c1=Q 36. Rxc1 Bxc1 37. Kg1 Bxf4 38. Bf2 Bh2+ 39. Kxh2 Rxf2
40. Kg3 Ra2 41. Kf3 Rxa4 42. g3 Kf7 43. g5 Rb4 44. Ke2 a4 45. Kd2 a3 46. Kc3
Rb8 47. Kc2 a2 48. Kd2 a1=Q 49. Kc2 Qd4 50. Kc1 Rc8+ 51. Kb1 Qb6+ 52. Ka2 Ra8#
0-1

[Event "France Jeunes Belfort 2017"]
[Site "Belfort"]
[Date "2017.04.16"]
[Round "2.3"]
[White "Mata, Maria"]
[Black "Retailleau, Elise"]
[Result "0-1"]
[ECO "B23"]
[WhiteElo "1717"]
[BlackElo "1946"]
[PlyCount "64"]
[EventDate "2017.??.??"]
[TimeControl "6000+1060"]
[WhiteClock "0:00:58"]
[BlackClock "0:05:23"]

1. e4 c5 2. Nc3 Nc6 3. f4 g6 4. Nf3 Bg7 5. a3 e6 6. b4 b6 7. g3 Nge7 8. Rb1 O-O
9. Bg2 d6 10. e5 Rb8 11. bxc5 dxe5 12. Nxe5 Nxe5 13. fxe5 Bxe5 14. Ne4 f5 15.
Nd6 Ba6 16. d4 Bg7 17. Bf4 Nd5 18. Bxd5 exd5 19. c6 g5 20. Be5 Qe7 21. Nb5 Bxe5
22. dxe5 Qxe5+ 23. Qe2 Qf6 24. O-O Qxc6 25. Qd3 Qc5+ 26. Kg2 d4 27. a4 Bb7+ 28.
Kf2 Be4 29. Qxd4 Qxc2+ 30. Ke3 Rbe8 31. Nd6 Bd3+ 32. Nxe8 Qe2# 0-1

[Event "France Jeunes Belfort 2017"]
[Site "Belfort"]
[Date "2017.04.16"]
[Round "2.3"]
[White "Viel, Simon"]
[Black "Tenev, Preslav"]
[Result "1-0"]
[ECO "C55"]
[WhiteElo "2220"]
[BlackElo "1907"]
[PlyCount "87"]
[EventDate "2017.??.??"]
[TimeControl "6000+900"]
[WhiteClock "0:03:22"]
[BlackClock "0:00:55"]

1. e4 e5 2. Nf3 Nc6 3. Bc4 Nf6 4. d4 exd4 5. e5 d5 6. Bb5 Ne4 7. Nxd4 Bc5 8.
Be3 O-O 9. Bxc6 bxc6 10. O-O Bxd4 11. Qxd4 c5 12. Qd3 Bf5 13. Bxc5 Re8 14. f4
Qd7 15. Ba3 Qc6 16. h3 Qg6 17. Kh2 h5 18. Nc3 h4 19. Nxd5 Ng3 20. Qc4 Nxf1+ 21.
Qxf1 Qg3+ 22. Kh1 Be4 23. Nxc7 Rec8 24. Bd6 Qxh3+ 25. Kg1 Qg4 26. Re1 Bb7 27.
Qe2 Qg6 28. e6 Kh7 29. exf7 Qxf7 30. Qd3+ Kg8 31. Re7 Qxe7 32. Bxe7 Rxc7 33.
Bxh4 Re8 34. f5 Be4 35. Qb5 Rec8 36. Qe5 Bxc2 37. f6 Bg6 38. fxg7 Kh7 39. Bf6
Rc1+ 40. Kh2 R1c5 41. Qe7 R5c7 42. Qf8 Bf7 43. Be5 Re7 44. Qxe7 1-0

[Event "France Jeunes Belfort 2017"]
[Site "Belfort"]
[Date "2017.04.16"]
[Round "2.4"]
[White "Dedenon, Quentin"]
[Black "Tomasi, Albert"]
[Result "0-1"]
[ECO "A57"]
[WhiteElo "1857"]
[BlackElo "2176"]
[PlyCount "38"]
[EventDate "2017.??.??"]
[TimeControl "6000+1115"]
[WhiteClock "0:52:48"]
[BlackClock "1:08:59"]

1. d4 Nf6 2. c4 c5 3. d5 b5 4. cxb5 a6 5. f3 axb5 6. e4 Qa5+ 7. Bd2 b4 8. Na3
d6 9. Bb5+ Bd7 10. Bxd7+ Nbxd7 11. Nc4 Qa6 12. Qb3 e6 13. dxe6 fxe6 14. Bf4 d5
15. exd5 exd5 16. Nd2 c4 17. Qc2 Nc5 18. Ne2 Nd3+ 19. Kf1 c3 0-1

[Event "France Jeunes Belfort 2017"]
[Site "Belfort"]
[Date "2017.04.16"]
[Round "2.4"]
[White "Fretel, Liza"]
[Black "Chachiachvili, Mariam"]
[Result "0-1"]
[ECO "C54"]
[WhiteElo "1801"]
[BlackElo "1694"]
[PlyCount "74"]
[EventDate "2017.??.??"]
[TimeControl "6000+825"]
[WhiteClock "0:32:46"]
[BlackClock "0:23:06"]

1. e4 e5 2. Nf3 Nc6 3. Bc4 Bc5 4. c3 Nf6 5. d3 d6 6. b4 Bb6 7. a4 a5 8. b5 Ne7
9. O-O Bg4 10. Re1 O-O 11. Bg5 Ng6 12. h3 Be6 13. Bb3 h6 14. Nh4 hxg5 15. Nxg6
Re8 16. h4 fxg6 17. hxg5 Nh7 18. Bxe6+ Rxe6 19. Qb3 Nxg5 20. Na3 Qf6 21. Ra2
Rf8 22. Ree2 Bc5 23. Nc4 b6 24. Ne3 Qf4 25. Rad2 Bxe3 26. Rxe3 Kh7 27. Rde2
Ref6 28. Rg3 Qc1+ 29. Kh2 Rxf2 30. Ree3 R8f7 31. Qd5 Rxg2+ 32. Rxg2 Qxe3 33.
Rxg5 Rf2+ 34. Rg2 Qf4+ 35. Kh1 Rf1+ 36. Rg1 Qf3+ 37. Kh2 Rf2+ 0-1

[Event "France Jeunes Belfort 2017"]
[Site "Belfort"]
[Date "2017.04.16"]
[Round "2.4"]
[White "Grondin, Marine"]
[Black "Favarel-Lubeigt, Helina"]
[Result "0-1"]
[ECO "C15"]
[WhiteElo "1188"]
[BlackElo "1537"]
[PlyCount "86"]
[EventDate "2017.??.??"]
[TimeControl "6000+500"]
[WhiteClock "1:16:55"]
[BlackClock "0:40:01"]

1. e4 e6 2. d4 d5 3. Nc3 Bb4 4. Bd2 c5 5. exd5 cxd4 6. Nb5 Bc5 7. Nf3 Ne7 8.
Nbxd4 Nxd5 9. Bb5+ Bd7 10. Qe2 Qb6 11. Bxd7+ Nxd7 12. Be3 Qxb2 13. O-O Qb6 14.
Qb5 Qxb5 15. Nxb5 Bxe3 16. fxe3 O-O 17. e4 N5f6 18. e5 Nd5 19. c4 Ne3 20. Rfc1
Nc5 21. Rc3 Nf5 22. Rd1 Rfd8 23. Rcc1 a6 24. Nc3 Ne3 25. Rxd8+ Rxd8 26. Kf2
Nd3+ 27. Kxe3 Nxc1 28. Ne4 Nxa2 29. Nc5 b5 30. cxb5 axb5 31. Nb7 Rd7 32. Nc5
Rc7 33. Kd4 b4 34. Nd2 Nc1 35. Na6 Rd7+ 36. Ke3 Rd3+ 37. Kf2 Rxd2+ 38. Kg3 b3
39. Nb4 b2 40. Kh3 b1=Q 41. Nc6 Qd3+ 42. g3 Qf5+ 43. Kh4 Rxh2# 0-1

[Event "France Jeunes Belfort 2017"]
[Site "Belfort"]
[Date "2017.04.16"]
[Round "2.4"]
[White "Mutlu, Mehmed-Emin"]
[Black "Eugene, Floryan"]
[Result "0-1"]
[ECO "C25"]
[WhiteElo "1921"]
[BlackElo "2271"]
[PlyCount "60"]
[EventDate "2017.??.??"]
[TimeControl "6000+2455"]
[WhiteClock "0:01:19"]
[BlackClock "0:05:43"]

1. e4 e5 2. Nc3 Nc6 3. f4 d6 4. Nf3 Nf6 5. d4 exd4 6. Nxd4 Be7 7. Be2 O-O 8.
Be3 Re8 9. Bf3 Nxe4 10. Bxe4 d5 11. Bxh7+ Kxh7 12. Qh5+ Kg8 13. O-O-O Bc5 14.
Bf2 Nxd4 15. Bxd4 Bxd4 16. Rxd4 c6 17. f5 Qf6 18. Rf4 Re5 19. g4 Qh6 20. Qxh6
gxh6 21. Rg1 f6 22. Kd2 Bd7 23. Rg2 Kf7 24. Kd3 c5 25. Re2 Rae8 26. Rff2 d4 27.
Rxe5 Rxe5 28. Ne4 Bb5+ 29. c4 dxc3+ 30. Ke3 Bc6 0-1

[Event "France Jeunes Belfort 2017"]
[Site "Belfort"]
[Date "2017.04.16"]
[Round "2.4"]
[White "Normand, Victor"]
[Black "Gatineau, Yovann"]
[Result "1/2-1/2"]
[ECO "B43"]
[WhiteElo "1904"]
[BlackElo "2214"]
[PlyCount "82"]
[EventDate "2017.??.??"]
[TimeControl "6000+980"]
[WhiteClock "0:08:23"]
[BlackClock "0:00:48"]

1. e4 c5 2. Nc3 a6 3. Nge2 e6 4. d4 cxd4 5. Nxd4 Qc7 6. Bd3 Nf6 7. O-O d6 8.
Kh1 Be7 9. f4 O-O 10. Qf3 Nc6 11. Be3 Bd7 12. Rae1 Rfd8 13. Nxc6 Bxc6 14. Qh3
e5 15. Qg3 Kh8 16. fxe5 dxe5 17. Rf5 Bd7 18. Nd5 Nxd5 19. Rxf7 Bf6 20. exd5 Rf8
21. Qh3 Bxh3 22. Rxc7 Bc8 23. Rf1 Re8 24. Be4 Bg4 25. d6 Rad8 26. Bc5 b6 27.
Ba3 Bd7 28. c4 Rf8 29. h3 a5 30. b4 axb4 31. Bxb4 Be6 32. c5 bxc5 33. Bxc5 Bxa2
34. Ra1 Be6 35. Raa7 Kg8 36. Bc6 Rf7 37. d7 g5 38. Bb6 Kg7 39. Kg1 e4 40. Rcb7
Rdf8 41. Bxe4 h5 1/2-1/2

[Event "France Jeunes Belfort 2017"]
[Site "Belfort"]
[Date "2017.04.16"]
[Round "2.4"]
[White "Roux, Baptiste"]
[Black "Bernard, Mathis"]
[Result "1-0"]
[ECO "B03"]
[WhiteElo "1934"]
[BlackElo "1631"]
[PlyCount "46"]
[EventDate "2017.??.??"]
[TimeControl "6000+935"]
[WhiteClock "0:25:11"]
[BlackClock "0:42:02"]

1. e4 Nf6 2. e5 Nd5 3. d4 d6 4. c4 Nb6 5. exd6 exd6 6. Nc3 Be7 7. Bd3 Nc6 8.
Nge2 Bg4 9. Be3 Bf6 10. Qb3 Rb8 11. h3 Bd7 12. Ne4 Be7 13. O-O O-O 14. f4 Bf5
15. Ng5 Bg6 16. Bxg6 hxg6 17. c5 Nc8 18. d5 Na5 19. Qc3 b6 20. Bd4 Bf6 21. c6
Bxd4+ 22. Nxd4 Ne7 23. Nde6 Re8 1-0

[Event "France Jeunes Belfort 2017"]
[Site "Belfort"]
[Date "2017.04.16"]
[Round "2.4"]
[White "Sabiani, Chjara"]
[Black "Hoch, Anna"]
[Result "0-1"]
[ECO "E71"]
[WhiteElo "1781"]
[BlackElo "1398"]
[PlyCount "90"]
[EventDate "2017.??.??"]
[TimeControl "6000+1145"]
[WhiteClock "0:16:22"]
[BlackClock "0:24:37"]

1. d4 d6 2. c4 Nf6 3. Nc3 g6 4. e4 Bg7 5. h3 O-O 6. Be3 e5 7. d5 Na6 8. Bd3 Nc5
9. Bc2 Nh5 10. Qd2 f5 11. Bg5 Bf6 12. h4 f4 13. Bxf6 Qxf6 14. Bd1 a5 15. Bxh5
gxh5 16. O-O-O Kh8 17. f3 Rg8 18. Qc2 Qg6 19. Nb5 Bd7 20. Rd2 Qg3 21. Kb1 Bxb5
22. cxb5 a4 23. Rh3 Qe1+ 24. Rd1 Qb4 25. Qe2 Ra5 26. g4 Rxb5 27. Rd2 hxg4 28.
fxg4 Qxe4+ 29. Qxe4 Nxe4 30. Rc2 Rxd5 31. Rxc7 Rd1+ 32. Rc1 Rxc1+ 33. Kxc1 Rc8+
34. Kd1 Nf2+ 35. Ke2 Nxh3 36. Nxh3 Rc2+ 37. Kf3 Rxb2 38. Ng5 Kg8 39. Ne4 Rxa2
40. Nxd6 Rb2 41. Nc4 Rb3+ 42. Kf2 a3 43. Nxe5 a2 44. Nc4 a1=Q 45. Nd2 Qd4+ 0-1

[Event "France Jeunes Belfort 2017"]
[Site "Belfort"]
[Date "2017.04.16"]
[Round "2.4"]
[White "Simon, Antoine"]
[Black "Bouvet, Florian"]
[Result "0-1"]
[ECO "D85"]
[WhiteElo "1947"]
[BlackElo "2183"]
[PlyCount "60"]
[EventDate "2017.??.??"]
[TimeControl "6000+1035"]
[WhiteClock "0:01:11"]
[BlackClock "0:33:11"]

1. d4 Nf6 2. c4 g6 3. Nc3 d5 4. cxd5 Nxd5 5. e4 Nxc3 6. bxc3 Bg7 7. Qa4+ c6 8.
Nf3 O-O 9. Be2 Qc7 10. O-O Bg4 11. h3 Bxf3 12. Bxf3 e5 13. Rd1 Nd7 14. Rb1 Rfe8
15. Qb3 b6 16. Ba3 Rad8 17. d5 cxd5 18. exd5 Nc5 19. Qc4 Bf8 20. Rd2 e4 21. Bg4
h5 22. Be2 Qf4 23. Rbd1 Bd6 24. g3 Qf5 25. Kg2 e3 26. fxe3 Rxe3 27. g4 Qe5 28.
Bxc5 Qh2+ 29. Kf1 Qxh3+ 30. Kf2 Bxc5 0-1

[Event "France Jeunes Belfort 2017"]
[Site "Belfort"]
[Date "2017.04.16"]
[Round "2.4"]
[White "Vigna, Liza"]
[Black "Tourneur, Cloe"]
[Result "1-0"]
[ECO "B01"]
[WhiteElo "1864"]
[BlackElo "1580"]
[PlyCount "85"]
[EventDate "2017.??.??"]
[TimeControl "6000+990"]
[WhiteClock "0:03:30"]
[BlackClock "0:12:48"]

1. e4 d5 2. exd5 Nf6 3. Bb5+ Bd7 4. Bc4 Bg4 5. f3 Bc8 6. Nc3 Nbd7 7. d3 Nb6 8.
Bb5+ Bd7 9. Bc4 Bc8 10. Bf4 Nbxd5 11. Nxd5 Nxd5 12. Bxd5 Qxd5 13. Bxc7 Qc5 14.
Bg3 Qb4+ 15. c3 Qxb2 16. Ne2 b6 17. O-O Ba6 18. Rb1 Qa3 19. Nd4 e6 20. Be5 Qa5
21. Re1 Rc8 22. Nf5 f6 23. Bd4 Kf7 24. Ng3 Bc5 25. Ne2 Rhe8 26. Kh1 Bxd4 27.
cxd4 Re7 28. Qb3 Qd2 29. Rbd1 Qc2 30. Qa3 Bb7 31. Nf4 Qf2 32. d5 e5 33. d6 Rd7
34. Qb3+ Kf8 35. Ne6+ Ke8 36. Nc5 Rxd6 37. Qg8+ Ke7 38. Qxg7+ Ke8 39. Nxb7 Rdc6
40. Qg8+ Ke7 41. Qxh7+ Ke6 42. d4 Rc2 43. d5# 1-0

[Event "France Jeunes Belfort 2017"]
[Site "Belfort"]
[Date "2017.04.16"]
[Round "2.5"]
[White "Caloone, Thomas"]
[Black "Auvray, Honorine"]
[Result "1-0"]
[ECO "B09"]
[WhiteElo "2149"]
[BlackElo "1953"]
[PlyCount "129"]
[EventDate "2017.??.??"]
[TimeControl "6000+1260"]
[WhiteClock "0:02:11"]
[BlackClock "0:00:41"]

1. e4 g6 2. d4 Bg7 3. f4 d6 4. Nf3 Nf6 5. Nc3 O-O 6. Bd3 Na6 7. a3 c5 8. d5 Nc7
9. O-O a6 10. a4 Rb8 11. a5 Nb5 12. Qe2 Nd4 13. Nxd4 cxd4 14. Nd1 Bg4 15. Qf2
Nd7 16. b4 f5 17. exf5 Bxf5 18. Bb2 Bxd3 19. cxd3 Rf5 20. Bxd4 Rxd5 21. Bxg7
Kxg7 22. Qf3 Rd4 23. Rb1 Qf8 24. Qe3 Rd5 25. Nc3 Rf5 26. Rbe1 e5 27. fxe5 dxe5
28. Rxf5 Qxf5 29. Rf1 Qg4 30. Ne4 Rf8 31. Rxf8 Kxf8 32. h3 Qe6 33. Qh6+ Kg8 34.
Qxh7+ Kxh7 35. Ng5+ Kg7 36. Nxe6+ Kf6 37. Nc7 Nb8 38. Nd5+ Ke6 39. Ne3 Nc6 40.
Nc2 e4 41. d4 Kd5 42. Kf2 Nxd4 43. Nxd4 Kxd4 44. Ke2 Ke5 45. Ke3 Kf5 46. g4+
Kg5 47. Kxe4 Kh4 48. Ke5 Kxh3 49. Kd6 Kxg4 50. Kc7 Kf5 51. Kxb7 g5 52. b5 g4
53. bxa6 g3 54. a7 g2 55. a8=Q g1=Q 56. Qc8+ Ke5 57. Qc7+ Kd5 58. Qc6+ Ke5 59.
a6 Qb1+ 60. Qb6 Qh1+ 61. Qc6 Qb1+ 62. Kc8 Qf5+ 63. Kc7 Qh7+ 64. Kb6 Qh3 65. a7
1-0

[Event "France Jeunes Belfort 2017"]
[Site "Belfort"]
[Date "2017.04.16"]
[Round "2.6"]
[White "Charvein, Gabriel"]
[Black "Lever, Erwan"]
[Result "0-1"]
[ECO "B51"]
[WhiteElo "1934"]
[BlackElo "2129"]
[PlyCount "54"]
[EventDate "2017.??.??"]
[TimeControl "6000+1875"]
[WhiteClock "0:05:33"]
[BlackClock "0:22:11"]

1. e4 c5 2. Nf3 d6 3. Bb5+ Nd7 4. O-O a6 5. Be2 Ngf6 6. d3 g6 7. c3 Bg7 8. Nbd2
O-O 9. Nh4 d5 10. f4 e5 11. Qe1 exf4 12. Rxf4 g5 13. Rxf6 Nxf6 14. Nf5 Bxf5 15.
exf5 Re8 16. Qf2 Qe7 17. Kf1 Qd6 18. g4 Re7 19. Bf3 Rae8 20. Kg2 Nd7 21. Nf1 h6
22. Ng3 Ne5 23. Be2 c4 24. d4 Nd3 25. Bxd3 cxd3 26. Qf3 Re2+ 27. Kh3 d2 0-1

[Event "France Jeunes Belfort 2017"]
[Site "Belfort"]
[Date "2017.04.16"]
[Round "3.1"]
[White "Bellahcene, Sofia"]
[Black "Milojevic-Daim, Lola-Shaina"]
[Result "0-1"]
[ECO "C24"]
[WhiteElo "1699"]
[BlackElo "1348"]
[PlyCount "36"]
[EventDate "2017.??.??"]
[TimeControl "6000+795"]
[WhiteClock "0:41:10"]
[BlackClock "0:35:30"]

1. e4 e5 2. Bc4 Nf6 3. d3 Nc6 4. Nc3 Be7 5. f4 d6 6. f5 g6 7. g4 h5 8. gxh5
Rxh5 9. fxg6 fxg6 10. Be3 Ng4 11. Qf3 Bh4+ 12. Kd1 Nxe3+ 13. Qxe3 Bg4+ 14. Nge2
Nd4 15. Rf1 Bg5 16. Qf2 Bf4 17. Qg2 Qg5 18. Rxf4 Bxe2+ 0-1

[Event "France Jeunes Belfort 2017"]
[Site "Belfort"]
[Date "2017.04.16"]
[Round "3.1"]
[White "Benezra, Esther"]
[Black "Afraoui, Anaelle"]
[Result "0-1"]
[ECO "B40"]
[WhiteElo "1761"]
[BlackElo "1977"]
[PlyCount "78"]
[EventDate "2017.??.??"]
[TimeControl "6000+845"]
[WhiteClock "0:02:26"]
[BlackClock "0:01:26"]

1. e4 c5 2. Nf3 e6 3. b3 d6 4. Bb2 Nf6 5. Nc3 Be7 6. d4 cxd4 7. Nxd4 O-O 8. Bd3
Nbd7 9. Nce2 Nc5 10. f3 a6 11. c4 Qc7 12. O-O b6 13. b4 Nxd3 14. Qxd3 Bb7 15.
Ng3 Rac8 16. Rac1 Qd7 17. f4 d5 18. cxd5 Bxb4 19. dxe6 fxe6 20. Qb3 Bc5 21.
Rxc5 bxc5 22. Nxe6 Rf7 23. Bxf6 c4 24. Qb4 Rxf6 25. f5 Rf7 26. Rc1 Qb5 27. Qc3
a5 28. Rd1 Rd7 29. Kf2 Qb6+ 30. Kf3 Re7 31. Nh5 Qb4 32. Qe5 c3 33. Nhxg7 c2 34.
Rc1 Qc3+ 35. Qxc3 Rxc3+ 36. Ke2 Bxe4 37. Kd2 Rc8 38. f6 Rd7+ 39. Ke2 Bg6 0-1